 Dungeon Crawl Stone Soup version 0.28-a0-1365-g7e0445c96d (webtiles) character file.

Game seed: 6697445241874700

397 ChaosChampion the Skirmisher (level 6, -1/56 HPs)
             Began as a Hill Orc Fighter on Dec 31, 2021.
             Was an Initiate of Beogh.
             Slain by a water moccasin (3 damage)
             ... on level 4 of the Dungeon.
             The game lasted 00:02:55 (4279 turns).

ChaosChampion the Skirmisher (Hill Orc Fighter)     Turns: 4279, Time: 00:02:56

Health: -1/56      AC:  8    Str: 21    XL:     6   Next: 83%
Magic:  6/6        EV:  9    Int:  8    God:    Beogh [......]
Gold:   126        SH:  5    Dex: 10    Spells: 5/5 levels left

rFire   . . .      SeeInvis .   a - +0 war axe
rCold   . . .      Faith    .   c - +0 buckler
rNeg    . . .      Spirit   .   b - +0 scale mail
rPois   .          Reflect  .   (no helmet)
rElec   .          Harm     .   (no cloak)
rCorr   .          Rampage  .   j - +0 pair of gloves
Will    .....                   (no boots)
Stlth   ..........              (no amulet)
HPRegen 0.18/turn               (no ring)
MPRegen 0.10/turn               (no ring)

@: mighty, lethally poisoned (-1 -> -8)
A: no striking features
a: Renounce Religion


You were on level 4 of the Dungeon.
You worshipped Beogh.
Beogh was noncommittal.
You visited 1 branch of the dungeon, and saw 4 of its levels.

You collected 126 gold pieces.

Inventory:

Hand Weapons
 a - a +0 war axe (weapon)
Missiles
 l - 3 atropa-tipped darts (quivered)
Armour
 b - a +0 scale mail (worn)
 c - a +0 buckler (worn)
 j - a +0 pair of gloves (worn)
Scrolls
 e - a scroll of holy word {unknown}
 f - a scroll of brand weapon {unknown}
 g - a scroll of immolation {unknown}
 h - 3 scrolls of identify {unknown}
 k - a scroll of enchant armour {unknown}
 m - a scroll of enchant weapon {unknown}
 p - a scroll of vulnerability {unknown}
Potions
 d - a potion of might
 i - a potion of brilliance {unknown}
 n - 2 potions of curing {unknown}
 o - a potion of heal wounds {unknown}
 q - a potion of ambrosia {unknown}
 r - a potion of lignification {unknown}


   Skills:
 + Level 5.4 Fighting
 + Level 5.1 Axes
 + Level 4.9 Armour
 + Level 4.9 Shields


You had 5 spell levels left.
You didn't know any spells.
Your spell library contained the following spells:

 Spells                   Type           Power      Damage    Failure   Level
 Scorch                   Fire           0%         2d5       86%         2
 Frozen Ramparts          Ice            0%         1d2       98%         3
 Flame Wave               Conj/Fire      0%         2d4       100%        4
 Ice Form                 Ice/Tmut       0%         N/A       100%        4
 Summon Ice Beast         Ice/Summ       0%         N/A       100%        4
 Summon Cactus Giant      Summ           0%         N/A       100%        6


Dungeon Overview and Level Annotations

Branches:
Dungeon (4/15)
 Temple: D:4-7

Altars:
Elyvilon


Message History

You barely miss the water moccasin. The water moccasin barely misses you.
You closely miss the water moccasin. The water moccasin bites you. x2
You closely miss the water moccasin. The water moccasin barely misses you.
The water moccasin bites you but does no damage.
You barely miss the water moccasin. You block the water moccasin's attack.
The water moccasin bites you but does no damage.
You closely miss the water moccasin. The water moccasin bites you!
You closely miss the water moccasin. The water moccasin bites you. x2
You closely miss the water moccasin. The water moccasin misses you.
You block the water moccasin's attack.
You miss the water moccasin. The water moccasin bites you.
You are poisoned.
The water moccasin poisons you! The water moccasin closely misses you.
You hit the water moccasin.
The water moccasin is lightly wounded.
You feel very sick. The water moccasin bites you.
You feel very mighty all of a sudden.
You feel sick.
The water moccasin bites you but does no damage.
The water moccasin bites you.
You are more poisoned.
The water moccasin poisons you!
You slash the water moccasin!
The water moccasin is moderately wounded.
You feel very sick.
The water moccasin bites you but does no damage.
You miss the water moccasin.
The water moccasin is moderately wounded.
You feel very sick. The water moccasin bites you.
* * * LOW HITPOINT WARNING * * *
The water moccasin bites you.
* * * LOW HITPOINT WARNING * * *
You barely miss the water moccasin.
The water moccasin is moderately wounded.
* * * LOW HITPOINT WARNING * * *
You feel very sick. The water moccasin closely misses you.
The water moccasin bites you.
You die...

#..###...#........# o...
##........####''####Soo..
#...###............o.#
#.### #..............#
#.## ###.#####..#.###
...######.#####.o#.#
...............oo#..
......##.#######S####
....#.##.#######@#
....#.........<..#
###.####.#########
#.####.# #......#
########


You could see a water moccasin and 3 orcs.

Vanquished Creatures
  Sigmund (D:2)
  A phantom (D:2)
  2 hounds
  A gnoll (D:4)
  2 adders
  5 dart slugs
  3 orcs (D:3)
  11 endoplasms
  3 giant cockroaches
  4 goblins
  9 hobgoblins
  6 jackals
  8 ball pythons
  8 bats
  3 frilled lizards
  6 kobolds
  4 rats
77 creatures vanquished.

Notes
Turn   | Place    | Note
-------+----------+-------------------------------------------
     0 | D:1      | ChaosChampion the Hill Orc Fighter began the quest for the
                  | Orb.
     0 | D:1      | Reached XP level 1. HP: 19/19 MP: 1/1
   118 | D:1      | Reached XP level 2. HP: 19/27 MP: 2/2
   658 | D:1      | Reached XP level 3. HP: 33/33 MP: 3/3
  1279 | D:2      | Noticed Sigmund
  1279 | D:2      | Noticed a phantom
  1669 | D:2      | Reached XP level 4. HP: 31/40 MP: 4/4
  2066 | D:2      | Killed a phantom
  2067 | D:2      | Reached XP level 5. HP: 38/47 MP: 5/5
  2983 | D:3      | Found a white marble altar of Elyvilon.
  3334 | D:3      | Became a worshipper of Beogh the Brigand
  3912 | D:2      | Killed Sigmund
  3913 | D:2      | Reached skill level 5 in Fighting
  3913 | D:2      | Reached skill level 5 in Axes
  3913 | D:2      | Reached XP level 6. HP: 25/56 MP: 6/6
  4257 | D:4      | Noticed a water moccasin
  4279 | D:4      | HP: 2/56 [poisoned by a water moccasin]
  4279 | D:4      | Slain by a water moccasin

Illustrated notes

Levels and vault maps discovered:
D:1:      roderic_dead_forest, layout_loops_ring, minmay_heptomino_d4
D:2:      layout_basic, uniq_sigmund
D:3:      layout_loops_ring, lemuel_round_altar, grunt_ministairs_3,
          grunt_decor_clamped
D:4:      layout_loops_cross, kennysheep_generic_room_4

Skill      XL: |  1  2  3  4  5 |
---------------+----------------+-----
Axes           | 3 4 5 |  5.1
Fighting       | 4 5 |  5.4
Armour         | 4 |  4.9
Shields        | 4 |  4.9

Action                   |  1- 3 |  4- 6 || total
-------------------------+-------+-------++-------
Melee: War axe           |    89 |   108 ||   197
Invok: Convert to Beogh  |       |     1 ||     1
  Use: Potion            |       |     1 ||     1
Armor: Scale mail        |    71 |    46 ||   117
Dodge: Dodged            |    66 |    56 ||   122
Block: Buckler           |    33 |    24 ||    57

Table legend: (Time is in decaauts)
 A = Elapsed time spent in this place.
 B = Non-inter-level travel time spent in this place.
 C = Inter-level travel time spent in this place.
 D = Time resting spent in this place.
 E = Time spent auto-exploring this place.
 F = Levels seen in this place.
 G = Mean time per level.
                   A        B        C        D        E       F      G
               +--------+--------+--------+--------+--------+-----+--------+
         Total |   4342 |   4161 |    181 |    179 |   3327 |   4 | 1085.5 |
       Dungeon |   4342 |   4161 |    181 |    179 |   3327 |   4 | 1085.5 |
               +--------+--------+--------+--------+--------+-----+--------+

Top non-repeatable levels by time:
     D:2: 2065 daAuts
     D:1: 1120 daAuts
     D:3: 1042 daAuts
     D:4: 114 daAuts
